Bears vs Little Stars
Created - January 3, 2022 at 19:17
Goals
|
Bears |
1 |
1 |
2 |
4 |
Little Stars |
1 |
1 |
3 |
5 |
|
Shots
|
Bears |
7 |
8 |
11 |
26 |
Little Stars |
14 |
14 |
9 |
37 |
|
1st period
1. Little Stars , Henrik Borgstrom 4 (Reece Willcox 5, Sebastian Wannstrom 4) at 18:50 (PP)
2. Bears , Jake Virtanen 8 (Mike Hoffman 10, Joey Laleggia 4) at 19:05
Penalties :
Eric Knodel (Tex) for Hooking (Minor) at 0:38, Derek Forbort (Her) for Tripping (Minor) at 12:09, Nikolay Prokhorkin (Her) for Hooking (Minor) at 17:27
2nd period
3. Bears , Vincent Dunn 4 (Jakob Lilja 5) at 11:26
4. Little Stars , Henrik Borgstrom 5 (Anton Cederholm 6, Sebastian Wannstrom 5) at 15:22
Penalties :
Mikko Vainonen (Her) for Roughing (Minor) at 4:45, Angelo Esposito (Her) for Interference (Minor) at 18:03
3rd period
5. Bears , Jakob Lilja 3 (Vincent Dunn 4) at 6:47
6. Little Stars , Jordan LaVallee 9 (Anton Cederholm 7, Ilya Mikheyev 6) at 14:02 (PP)
7. Bears , Jake Virtanen 9 (Mike Hoffman 11, Joey Laleggia 5) at 14:18
8. Little Stars , Jason Dickinson 3 (Joakim Nygard 1, Tyler Wotherspoon 8) at 15:19
9. Little Stars , Zach Budish 3 (Joakim Nygard 2, Jason Dickinson 3) at 16:23
Penalties :
Jordan LaVallee (Tex) for Tripping (Minor) at 7:09, Jakob Lilja (Her) for Holding Stick (Minor) at 13:50, Jake Virtanen (Her) for Interference (Minor) at 16:45
Goalie Stats
Joni Ortio (Her), 32 saves from 37 shots - (0.865), L, 0-1-0, 58:45 minutes
Connor Knapp (Tex), 22 saves from 26 shots - (0.846), W, 6-0-0, 60:00 minutes
Players Stats for Bears
Player Name G A P +/- PIM S H SB GA TA FO MP PP MP PK MP
------------------------------------------------------------------------------------
Angelo Esposito 0 0 0 2 2 0 2 0 0 0 15/27 18:59 2:02 0:25
Austin Poganski 0 0 0 0 0 3 1 1 2 0 0/0 11:10 0:04 0:00
Austin Wuthrich 0 0 0 -1 0 2 3 1 0 0 0/0 12:50 1:52 0:00
Brett Bulmer 0 0 0 0 0 0 0 0 0 0 0/0 0:00 0:00 0:00
Colby Cave 0 0 0 0 0 0 0 0 0 0 1/3 8:03 0:04 0:30
Colton Sceviour 0 0 0 0 0 1 1 0 0 0 0/0 7:29 0:00 0:00
Derek Forbort 0 0 0 0 2 3 0 2 0 1 0/0 20:25 1:30 2:47
Emil Johansson 0 0 0 0 0 0 0 0 0 0 0/0 1:13 0:36 0:37
Gianluca Curcuruto 0 0 0 -1 0 0 1 0 0 0 0/0 10:39 0:36 0:12
Jake Virtanen 2 0 2 2 2 4 2 0 0 0 2/3 18:17 2:02 0:00
Jakob Lilja 1 1 2 0 2 2 2 0 0 0 0/0 12:25 0:04 0:57
Jamie McGinn 0 0 0 -1 0 1 3 1 0 1 2/4 19:05 1:52 5:40
Jesper Pettersson 0 0 0 0 0 0 0 0 0 0 0/0 0:00 0:00 0:00
Joey Laleggia 0 2 2 2 0 1 2 2 1 0 0/0 28:35 1:52 5:54
Logan O'Connor 0 0 0 0 0 0 0 0 0 0 0/0 0:00 0:00 0:00
Mackenze Stewart 0 0 0 0 0 0 0 0 0 0 0/0 0:00 0:00 0:00
Mike Hoffman 0 2 2 2 0 4 7 0 1 1 1/2 21:00 2:02 2:54
Mikko Vainonen 0 0 0 2 2 0 1 1 0 1 0/0 27:11 1:52 4:49
Nikolay Prokhorkin 0 0 0 0 2 1 0 0 0 0 0/0 7:28 0:00 0:00
Ryan Graves 0 0 0 0 0 0 0 0 0 0 0/0 0:00 0:00 0:00
Taylor Aronson 0 0 0 0 0 0 0 0 1 2 0/0 20:21 1:30 3:00
Tommy Vannelli 0 0 0 -1 0 0 1 1 1 1 0/0 11:59 0:00 1:43
Vincent Dunn 1 1 2 0 0 4 1 1 0 0 3/7 14:07 0:00 2:54
Zach Stepan 0 0 0 -1 0 0 0 1 1 0 10/21 19:07 1:52 5:42
Players Stats for Little Stars
Player Name G A P +/- PIM S H SB GA TA FO MP PP MP PK MP
------------------------------------------------------------------------------------
Adam Tambellini 0 0 0 1 0 1 0 1 1 0 0/1 19:35 4:10 1:42
Anton Cederholm 0 2 2 -3 0 3 2 1 0 0 0/0 28:49 6:39 2:03
Daniel O'regan 0 0 0 -4 0 5 2 0 1 0 20/40 22:46 5:21 2:09
Eric Knodel 0 0 0 -3 2 0 1 1 0 0 0/0 22:23 2:52 0:44
Henrik Borgstrom 2 0 2 1 0 5 4 0 0 0 5/8 18:42 4:10 0:49
Ilya Mikheyev 0 1 1 -4 0 4 1 0 0 0 3/3 20:36 5:21 0:00
Jason Dickinson 1 1 2 2 0 1 0 0 0 0 3/8 11:00 0:00 0:47
Joakim Nygard 0 2 2 2 0 0 2 0 0 1 0/1 10:59 0:00 0:46
Jordan LaVallee 1 0 1 -4 2 7 6 2 0 2 1/3 22:17 5:21 1:10
Matt Luff 0 0 0 0 0 0 0 0 1 0 0/0 6:37 0:00 0:00
Michael Mersch 0 0 0 0 0 1 0 0 2 0 0/0 7:39 0:00 0:20
Reece Willcox 0 1 1 0 0 2 1 1 1 1 0/0 20:49 2:39 1:55
Roman Horak 0 0 0 0 0 2 0 0 0 0 1/1 7:32 0:00 0:13
Sebastian Wannstrom 0 2 2 1 0 3 2 0 0 1 0/1 18:04 4:10 0:00
Tucker Poolman 0 0 0 0 0 1 2 2 0 1 0/0 17:08 0:00 1:11
Tyler Wotherspoon 0 1 1 2 0 1 0 2 1 0 0/0 20:29 6:39 2:03
Ville Pokka 0 0 0 2 0 0 0 0 0 1 0/0 10:22 0:13 0:00
Zach Budish 1 0 1 2 0 1 2 0 0 0 0/1 10:13 0:00 0:00
3 Stars
1 - Henrik Borgstrom (Tex)
2 - Mike Hoffman (Her)
3 - Jake Virtanen (Her)
Power Play
Bears - 0 on 2 Attempt(s) - 0.00%
Little Stars - 2 on 6 Attempt(s) - 33.33%
Penalty Kill
Bears - 4 on 6 Attempt(s) - 66.67%
- Score 0 goal in Penalty Kill
Little Stars - 2 on 2 Attempt(s) - 100.00%
- Score 0 goal in Penalty Kill
Team Stat
Bears - Hits : 27 - Faceoff Wins : 34 - Blocked Shots : 11 - Penalty Minutes : 12
Little Stars - Hits : 25 - Faceoff Wins : 33 - Blocked Shots : 10 - Penalty Minutes : 4
Official
Referees : Dan O'Rourke and TJ Luxmore
Linesman : David Brisebois and Kyle Flemington
Game Notes
No Game Note
Finance
Level 1 -- Attendance: 1909 (95.45%) -- Ticket Income $66,815
Level 2 -- Attendance: 927 (92.70%) -- Ticket Income $13,905
Total Attendance: 2836 (94.53%)
Total Ticket Income: $80,720
Other Income: $4,036
Total Income: $84,756
Bears
5 vs 5 Forward
Center Left Wing Right Wing Time % Phy DF OF
1 Angelo Esposito Mike Hoffman Jake Virtanen 40 1 1 3
2 Zach Stepan Jamie McGinn Austin Wuthrich 30 1 1 3
3 Vincent Dunn Jakob Lilja Austin Poganski 20 1 2 2
4 Colby Cave Nikolay Prokhorkin Colton Sceviour 10 1 3 1
5 vs 5 Defense
Defense Defense Time % Phy DF OF
1 Joey Laleggia Mikko Vainonen 40 1 2 2
2 Taylor Aronson Derek Forbort 30 1 2 2
3 Gianluca Curcuruto Tommy Vannelli 20 1 3 1
4 Joey Laleggia Mikko Vainonen 10 1 1 3
PowerPlay Forward
Center Left Wing Right Wing Time % Phy DF OF
1 Angelo Esposito Mike Hoffman Jake Virtanen 60 1 1 3
2 Zach Stepan Jamie McGinn Austin Wuthrich 40 1 1 3
PowerPlay Defense
Defense Defense Time % Phy DF OF
1 Joey Laleggia Mikko Vainonen 60 1 1 3
2 Taylor Aronson Derek Forbort 40 1 2 2
Penalty Kill 4 Players Forward
Center Wing Time % Phy DF OF
1 Zach Stepan Jamie McGinn 60 1 3 1
2 Vincent Dunn Mike Hoffman 40 1 3 1
Penalty Kill 4 Players Defense
Defense Defense Time % Phy DF OF
1 Joey Laleggia Mikko Vainonen 60 2 3 0
2 Taylor Aronson Derek Forbort 40 1 4 0
Penalty Kill - 3 Players Forward
Forward Time % Phy DF OF
1 Zach Stepan 60 1 4 0
2 Jamie McGinn 40 1 4 0
Penalty Kill - 3 Players Defense
Defense Defense Time % Phy DF OF
1 Joey Laleggia Mikko Vainonen 60 1 4 0
2 Taylor Aronson Derek Forbort 40 1 4 0
4 vs 4 Forward
Center Wing Time % Phy DF OF
1 Angelo Esposito Mike Hoffman 60 1 1 3
2 Zach Stepan Jake Virtanen 40 1 1 3
4 vs 4 Defense
Defense Defense Time % Phy DF OF
1 Joey Laleggia Mikko Vainonen 60 1 2 2
2 Taylor Aronson Derek Forbort 40 1 2 2
Last Minutes Offensive
Center Left Wing Right Wing Defense Defense
Angelo Esposito Mike Hoffman Jake Virtanen Joey Laleggia Mikko Vainonen
Last Minutes Defensive
Center Left Wing Right Wing Defense Defense
Angelo Esposito Mike Hoffman Austin Wuthrich Joey Laleggia Mikko Vainonen
Goaltenders
Starting : Joni Ortio
Backup : Jake Allen
Extra Forwards
Normal : Jake Virtanen, Mike Hoffman, Angelo Esposito - PP : Jake Virtanen, Mike Hoffman - PK : Jamie McGinn
Extra Defensemen
Normal : Joey Laleggia, Mikko Vainonen, Taylor Aronson - PP : Joey Laleggia - PK : Tommy Vannelli, Mikko Vainonen
Penalty Shots
Mike Hoffman, Jamie McGinn, Angelo Esposito, Zach Stepan, Austin Wuthrich
Scratches
Michael Prapavessis (Right Leg Injury), Jakob Stenqvist (Healthy)
Little Stars
5 vs 5 Forward
Center Left Wing Right Wing Time % Phy DF OF
1 Daniel O'regan Jordan LaVallee Ilya Mikheyev 40 1 2 2
2 Henrik Borgstrom Adam Tambellini Sebastian Wannstrom 30 1 2 2
3 Jason Dickinson Joakim Nygard Zach Budish 20 1 2 2
4 Roman Horak Michael Mersch Matt Luff 10 1 2 2
5 vs 5 Defense
Defense Defense Time % Phy DF OF
1 Anton Cederholm Eric Knodel 40 1 2 2
2 Reece Willcox Tucker Poolman 30 1 2 2
3 Ville Pokka Tyler Wotherspoon 20 1 2 2
4 Anton Cederholm Eric Knodel 10 1 2 2
PowerPlay Forward
Center Left Wing Right Wing Time % Phy DF OF
1 Daniel O'regan Jordan LaVallee Ilya Mikheyev 60 1 2 2
2 Henrik Borgstrom Adam Tambellini Sebastian Wannstrom 40 1 2 2
PowerPlay Defense
Defense Defense Time % Phy DF OF
1 Anton Cederholm Tyler Wotherspoon 60 1 2 2
2 Reece Willcox Eric Knodel 40 1 2 2
Penalty Kill 4 Players Forward
Center Wing Time % Phy DF OF
1 Daniel O'regan Jordan LaVallee 60 1 2 2
2 Henrik Borgstrom Adam Tambellini 40 1 2 2
Penalty Kill 4 Players Defense
Defense Defense Time % Phy DF OF
1 Anton Cederholm Tyler Wotherspoon 60 1 2 2
2 Reece Willcox Eric Knodel 40 1 2 2
Penalty Kill - 3 Players Forward
Forward Time % Phy DF OF
1 Daniel O'regan 60 1 2 2
2 Henrik Borgstrom 40 1 2 2
Penalty Kill - 3 Players Defense
Defense Defense Time % Phy DF OF
1 Anton Cederholm Tyler Wotherspoon 60 1 2 2
2 Reece Willcox Eric Knodel 40 1 2 2
4 vs 4 Forward
Center Wing Time % Phy DF OF
1 Daniel O'regan Jordan LaVallee 60 1 2 2
2 Henrik Borgstrom Adam Tambellini 40 1 2 2
4 vs 4 Defense
Defense Defense Time % Phy DF OF
1 Anton Cederholm Tyler Wotherspoon 60 1 2 2
2 Reece Willcox Eric Knodel 40 1 2 2
Last Minutes Offensive
Center Left Wing Right Wing Defense Defense
Daniel O'regan Jordan LaVallee Ilya Mikheyev Anton Cederholm Tyler Wotherspoon
Last Minutes Defensive
Center Left Wing Right Wing Defense Defense
Daniel O'regan Jordan LaVallee Ilya Mikheyev Anton Cederholm Tyler Wotherspoon
Goaltenders
Starting : Connor Knapp
Backup : Dustin Tokarski
Extra Forwards
Normal : Daniel O'regan, Sebastian Wannstrom, Zach Budish - PP : Daniel O'regan, Sebastian Wannstrom - PK : Daniel O'regan
Extra Defensemen
Normal : Tucker Poolman, Ville Pokka, Tyler Wotherspoon - PP : Tucker Poolman - PK : Tucker Poolman, Ville Pokka
Penalty Shots
Jordan LaVallee, Ilya Mikheyev, Adam Tambellini, Joakim Nygard, Daniel O'regan
Scratches
Daniil Tarasov (Healthy), Emile Poirier (Healthy), Jean-Christophe Beaudin (Healthy), Justin Auger (Healthy), Lawrence Pilut (Healthy)
Radel Fazleev (Healthy), Rudolfs Balcers (Healthy), Shane Gersich (Healthy), Yakov Trenin (Healthy), Frederic Allard (Healthy)
Joey Anderson (Healthy), Jonathan Dahlen (Healthy), Givani Smith (Healthy)
% Time on Ice - Bears
Lines # - Real PCT - Wanted PCT - Time Play
Normal Forward
1 - 35% - 40% - 15:55
2 - 24% - 30% - 11:05
3 - 24% - 20% - 11:06
4 - 16% - 10% - 7:29
Normal Defense
1 - 40% - 40% - 18:22
2 - 35% - 30% - 15:51
3 - 22% - 20% - 9:51
4 - 3% - 10% - 1:31
PP Forward
1 - 53% - 60% - 2:06
2 - 47% - 40% - 1:52
PP Defense
1 - 62% - 60% - 2:28
2 - 38% - 40% - 1:30
PK Forward
1 - 70% - 60% - 6:37
2 - 30% - 40% - 2:54
PK Defense
1 - 68% - 60% - 6:31
2 - 32% - 40% - 3:00
PK3 Forward
1 - 0% - 60%
2 - 0% - 40%
PK3 Defense
1 - 0% - 60%
2 - 0% - 40%
44 Forward
1 - 0% - 60%
2 - 0% - 40%
44 Defense
1 - 0% - 60%
2 - 0% - 40%
Last Minute Offensive - 0:56
Last Minute Defensive - 0:00
Total
Forward - 60:00
Defense - 60:00
|
% Time on Ice - Little Stars
Lines # - Real PCT - Wanted PCT - Time Play
Normal Forward
1 - 33% - 40% - 15:02
2 - 30% - 30% - 13:43
3 - 22% - 20% - 10:13
4 - 15% - 10% - 6:37
Normal Defense
1 - 39% - 40% - 17:46
2 - 36% - 30% - 16:15
3 - 22% - 20% - 10:09
4 - 3% - 10% - 1:25
PP Forward
1 - 56% - 60% - 5:21
2 - 44% - 40% - 4:10
PP Defense
1 - 70% - 60% - 6:39
2 - 30% - 40% - 2:52
PK Forward
1 - 79% - 60% - 3:09
2 - 21% - 40% - 0:49
PK Defense
1 - 52% - 60% - 2:03
2 - 48% - 40% - 1:55
PK3 Forward
1 - 0% - 60%
2 - 0% - 40%
PK3 Defense
1 - 0% - 60%
2 - 0% - 40%
44 Forward
1 - 0% - 60%
2 - 0% - 40%
44 Defense
1 - 0% - 60%
2 - 0% - 40%
Last Minute Offensive - 0:00
Last Minute Defensive - 0:56
Total
Forward - 60:00
Defense - 60:00
|
Play-by-Play
1st period
0:01 of 1st period - Daniel O'regan wins face-off versus Angelo Esposito in neutral zone.
0:38 of 1st period - Minor Penalty to Eric Knodel for Hooking.
0:39 of 1st period - Daniel O'regan wins face-off versus Angelo Esposito in Little Stars zone.
0:49 of 1st period - Snap shot by Mike Hoffman.
0:49 of 1st period - Deflect By Jordan LaVallee.
0:49 of 1st period - Shot Misses the Net.
0:49 of 1st period - Puck is out of play.
0:50 of 1st period - Zach Stepan wins face-off versus Daniel O'regan in Little Stars zone.
1:37 of 1st period - Backhand shot by Jake Virtanen.
1:37 of 1st period - Deflect By Tyler Wotherspoon.
1:37 of 1st period - Shot Misses the Net.
1:37 of 1st period - Puck is out of play.
1:38 of 1st period - Jordan LaVallee wins face-off versus Zach Stepan in Little Stars zone.
2:38 of 1st period - Penalty to Eric Knodel is over, Eric Knodel is back on ice.
2:38 of 1st period - Icing by Jamie McGinn.
2:39 of 1st period - Zach Stepan wins face-off versus Jason Dickinson in Bears zone.
3:00 of 1st period - Derek Forbort is hit by Henrik Borgstrom and loses puck.
4:41 of 1st period - Gianluca Curcuruto is hit by Tucker Poolman and loses puck.
5:16 of 1st period - Jason Dickinson is hit by Mike Hoffman.
5:20 of 1st period - Gianluca Curcuruto is hit by Joakim Nygard and loses puck.
5:33 of 1st period - Wrist shot by Henrik Borgstrom.
5:33 of 1st period - Stopped by Joni Ortio without a rebound.
5:34 of 1st period - Henrik Borgstrom wins face-off versus Zach Stepan in Bears zone.
5:58 of 1st period - Henrik Borgstrom is hit by Austin Wuthrich.
6:10 of 1st period - Joey Laleggia is hit by Eric Knodel and loses puck.
6:15 of 1st period - Snap shot by Adam Tambellini.
6:15 of 1st period - Shot Misses the Net.
6:17 of 1st period - Snap shot by Henrik Borgstrom.
6:17 of 1st period - Shot Blocked by Joey Laleggia.
6:35 of 1st period - Eric Knodel is hit by Mikko Vainonen and loses puck.
6:50 of 1st period - Wrist shot by Adam Tambellini.
6:50 of 1st period - Deflect By Henrik Borgstrom.
6:50 of 1st period - Shot Misses the Net.
6:50 of 1st period - Puck is out of play.
6:51 of 1st period - Angelo Esposito wins face-off versus Daniel O'regan in Bears zone.
6:51 of 1st period - Angelo Esposito is hit by Daniel O'regan.
7:41 of 1st period - Snap shot by Nikolay Prokhorkin.
7:41 of 1st period - Shot Misses the Net.
7:45 of 1st period - Snap shot by Nikolay Prokhorkin.
7:45 of 1st period - Stopped by Connor Knapp with a rebound.
7:47 of 1st period - Wrist shot by Derek Forbort.
7:47 of 1st period - Stopped by Connor Knapp without a rebound.
7:48 of 1st period - Angelo Esposito wins face-off versus Daniel O'regan in Little Stars zone.
7:55 of 1st period - Snap shot by Jake Virtanen.
7:55 of 1st period - Shot Blocked by Jordan LaVallee.
8:59 of 1st period - Tommy Vannelli is hit by Jordan LaVallee and loses puck.
9:04 of 1st period - Snap shot by Jordan LaVallee.
9:04 of 1st period - Shot Blocked by Zach Stepan.
9:26 of 1st period - Snap shot by Henrik Borgstrom.
9:26 of 1st period - Shot Misses the Net.
9:44 of 1st period - Jakob Lilja is hit by Anton Cederholm and loses puck.
10:19 of 1st period - Tyler Wotherspoon is hit by Austin Wuthrich and loses puck.
10:40 of 1st period - Slapshot by Sebastian Wannstrom.
10:40 of 1st period - Shot Misses the Net.
10:48 of 1st period - Henrik Borgstrom is hit by Mike Hoffman and loses puck.
11:05 of 1st period - Snap shot by Daniel O'regan.
11:05 of 1st period - Shot Misses the Net.
11:09 of 1st period - Snap shot by Jordan LaVallee.
11:09 of 1st period - Shot Blocked by Tommy Vannelli.
11:19 of 1st period - Snap shot by Colton Sceviour.
11:19 of 1st period - Shot Misses the Net.
11:45 of 1st period - Wrist shot by Michael Mersch.
11:45 of 1st period - Shot Blocked by Austin Wuthrich.
11:47 of 1st period - Snap shot by Roman Horak.
11:47 of 1st period - Stopped by Joni Ortio without a rebound.
11:48 of 1st period - Mike Hoffman wins face-off versus Daniel O'regan in Bears zone.
12:09 of 1st period - Minor Penalty to Derek Forbort for Tripping.
12:10 of 1st period - Daniel O'regan wins face-off versus Zach Stepan in Bears zone.
12:17 of 1st period - Wrist shot by Jordan LaVallee.
12:17 of 1st period - Stopped by Joni Ortio with a rebound.
12:19 of 1st period - Slapshot by Daniel O'regan.
12:19 of 1st period - Shot Misses the Net.
12:21 of 1st period - Slapshot by Tyler Wotherspoon.
12:21 of 1st period - Deflect By Ilya Mikheyev.
12:21 of 1st period - Shot Misses the Net.
12:21 of 1st period - Puck is out of play.
12:22 of 1st period - Jamie McGinn wins face-off versus Daniel O'regan in Bears zone.
12:33 of 1st period - Snap shot by Jordan LaVallee.
12:33 of 1st period - Stopped by Joni Ortio without a rebound.
12:34 of 1st period - Daniel O'regan wins face-off versus Zach Stepan in Bears zone.
12:49 of 1st period - Wrist shot by Daniel O'regan.
12:49 of 1st period - Stopped by Joni Ortio without a rebound.
12:50 of 1st period - Daniel O'regan wins face-off versus Jamie McGinn in Bears zone.
12:51 of 1st period - Wrist shot by Ilya Mikheyev.
12:51 of 1st period - Stopped by Joni Ortio without a rebound.
12:52 of 1st period - Zach Stepan wins face-off versus Daniel O'regan in Bears zone.
12:58 of 1st period - Off-side.
12:59 of 1st period - Zach Stepan wins face-off versus Daniel O'regan in neutral zone.
13:20 of 1st period - Wrist shot by Ilya Mikheyev.
13:20 of 1st period - Stopped by Joni Ortio without a rebound.
13:21 of 1st period - Henrik Borgstrom wins face-off versus Jamie McGinn in Bears zone.
13:24 of 1st period - Snap shot by Henrik Borgstrom.
13:24 of 1st period - Shot Misses the Net.
13:46 of 1st period - Daniel O'regan is hit by Mike Hoffman and loses puck.
13:57 of 1st period - Vincent Dunn is hit by Jordan LaVallee and loses puck.
14:09 of 1st period - Penalty to Derek Forbort is over, Derek Forbort is back on ice.
14:12 of 1st period - Slapshot by Jordan LaVallee.
14:12 of 1st period - Shot Misses the Net.
14:14 of 1st period - Slapshot by Anton Cederholm.
14:14 of 1st period - Shot Blocked by Joey Laleggia.
14:16 of 1st period - Slapshot by Ilya Mikheyev.
14:16 of 1st period - Shot Misses the Net.
14:18 of 1st period - Slapshot by Tyler Wotherspoon.
14:18 of 1st period - Stopped by Joni Ortio with a rebound.
14:20 of 1st period - Wrist shot by Daniel O'regan.
14:20 of 1st period - Shot Blocked by Mikko Vainonen.
14:22 of 1st period - Backhand shot by Tyler Wotherspoon.
14:22 of 1st period - Deflect By Daniel O'regan.
14:22 of 1st period - Stopped by Joni Ortio with a rebound.
14:24 of 1st period - Backhand shot by Anton Cederholm.
14:24 of 1st period - Shot Misses the Net.
14:26 of 1st period - Wrist shot by Daniel O'regan.
14:26 of 1st period - Stopped by Joni Ortio without a rebound.
14:27 of 1st period - Angelo Esposito wins face-off versus Adam Tambellini in Bears zone.
14:31 of 1st period - Off-side.
14:32 of 1st period - Angelo Esposito wins face-off versus Henrik Borgstrom in neutral zone.
14:39 of 1st period - Slapshot by Mike Hoffman.
14:39 of 1st period - Shot Blocked by Tucker Poolman.
14:45 of 1st period - Snap shot by Adam Tambellini.
14:45 of 1st period - Shot Misses the Net.
14:47 of 1st period - Wrist shot by Henrik Borgstrom.
14:47 of 1st period - Stopped by Joni Ortio without a rebound.
14:48 of 1st period - Daniel O'regan wins face-off versus Zach Stepan in Bears zone.
14:49 of 1st period - Backhand shot by Jordan LaVallee.
14:49 of 1st period - Shot Misses the Net.
14:55 of 1st period - Slapshot by Zach Stepan.
14:55 of 1st period - Shot Blocked by Reece Willcox.
14:57 of 1st period - Snap shot by Mikko Vainonen.
14:57 of 1st period - Shot Blocked by Jordan LaVallee.
15:13 of 1st period - Henrik Borgstrom is hit by Angelo Esposito and loses puck.
15:26 of 1st period - Wrist shot by Jake Virtanen.
15:26 of 1st period - Shot Blocked by Eric Knodel.
15:36 of 1st period - Slapshot by Derek Forbort.
15:36 of 1st period - Stopped by Connor Knapp without a rebound.
15:37 of 1st period - Daniel O'regan wins face-off versus Colby Cave in Little Stars zone.
16:11 of 1st period - Snap shot by Michael Mersch.
16:11 of 1st period - Shot Misses the Net.
16:37 of 1st period - Snap shot by Michael Mersch.
16:37 of 1st period - Stopped by Joni Ortio with a rebound.
17:06 of 1st period - Slapshot by Taylor Aronson.
17:06 of 1st period - Deflect By Colton Sceviour.
17:06 of 1st period - Stopped by Connor Knapp with a rebound.
17:27 of 1st period - Minor Penalty to Nikolay Prokhorkin for Hooking.
17:28 of 1st period - Zach Stepan wins face-off versus Daniel O'regan in Bears zone.
17:28 of 1st period - Zach Stepan is hit by Jordan LaVallee.
18:32 of 1st period - Adam Tambellini is hit by Mike Hoffman and loses puck.
18:36 of 1st period - Icing by Eric Knodel.
18:37 of 1st period - Vincent Dunn wins face-off versus Sebastian Wannstrom in Little Stars zone.
18:38 of 1st period - Snap shot by Mike Hoffman.
18:38 of 1st period - Stopped by Connor Knapp without a rebound.
18:39 of 1st period - Henrik Borgstrom wins face-off versus Vincent Dunn in Little Stars zone.
18:46 of 1st period - Wrist shot by Henrik Borgstrom.
18:46 of 1st period - Shot Misses the Net.
18:48 of 1st period - Snap shot by Sebastian Wannstrom.
18:48 of 1st period - Stopped by Joni Ortio with a rebound.
18:50 of 1st period - Backhand shot by Reece Willcox.
18:50 of 1st period - Deflect By Henrik Borgstrom.
18:50 of 1st period - Goal by Henrik Borgstrom - Bears : 0 - Little Stars : 1.
18:51 of 1st period - Angelo Esposito wins face-off versus Daniel O'regan in neutral zone.
19:05 of 1st period - Snap shot by Jake Virtanen.
19:05 of 1st period - Goal by Jake Virtanen - Bears : 1 - Little Stars : 1.
19:06 of 1st period - Jake Virtanen wins face-off versus Daniel O'regan in neutral zone.
19:11 of 1st period - Snap shot by Mike Hoffman.
19:11 of 1st period - Deflect By Ilya Mikheyev.
19:11 of 1st period - Stopped by Connor Knapp with a rebound.
19:31 of 1st period - Henrik Borgstrom is hit by Jamie McGinn and loses puck.
19:58 of 1st period - Joey Laleggia is hit by Zach Budish and loses puck.
Goals for this period are 1 for Bears vs 1 for Little Stars.
Shots for this period are 7 for Bears vs 14 for Little Stars.
2nd period
0:01 of 2nd period - Angelo Esposito wins face-off versus Daniel O'regan in neutral zone.
0:04 of 2nd period - Daniel O'regan is hit by Joey Laleggia and loses puck.
0:11 of 2nd period - Wrist shot by Mike Hoffman.
0:11 of 2nd period - Shot Misses the Net.
0:13 of 2nd period - Slapshot by Jake Virtanen.
0:13 of 2nd period - Stopped by Connor Knapp with a rebound.
0:15 of 2nd period - Snap shot by Jake Virtanen.
0:15 of 2nd period - Shot Misses the Net.
0:25 of 2nd period - Mikko Vainonen is hit by Sebastian Wannstrom.
0:53 of 2nd period - Tyler Wotherspoon is hit by Jakob Lilja and loses puck.
1:00 of 2nd period - Slapshot by Austin Poganski.
1:00 of 2nd period - Stopped by Connor Knapp with a rebound.
1:02 of 2nd period - Slapshot by Joey Laleggia.
1:02 of 2nd period - Shot Misses the Net.
1:40 of 2nd period - Slapshot by Colton Sceviour.
1:40 of 2nd period - Shot Misses the Net.
1:52 of 2nd period - Tommy Vannelli is hit by Sebastian Wannstrom and loses puck.
2:01 of 2nd period - Wrist shot by Henrik Borgstrom.
2:01 of 2nd period - Stopped by Joni Ortio without a rebound.
2:02 of 2nd period - Daniel O'regan wins face-off versus Angelo Esposito in Bears zone.
2:07 of 2nd period - Snap shot by Ilya Mikheyev.
2:07 of 2nd period - Stopped by Joni Ortio with a rebound.
2:09 of 2nd period - Slapshot by Tucker Poolman.
2:09 of 2nd period - Stopped by Joni Ortio without a rebound.
2:10 of 2nd period - Daniel O'regan wins face-off versus Angelo Esposito in Bears zone.
2:13 of 2nd period - Snap shot by Jordan LaVallee.
2:13 of 2nd period - Stopped by Joni Ortio with a rebound.
2:15 of 2nd period - Wrist shot by Jordan LaVallee.
2:15 of 2nd period - Stopped by Joni Ortio with a rebound.
2:17 of 2nd period - Wrist shot by Ilya Mikheyev.
2:17 of 2nd period - Stopped by Joni Ortio without a rebound.
2:18 of 2nd period - Angelo Esposito wins face-off versus Daniel O'regan in Bears zone.
2:25 of 2nd period - Snap shot by Daniel O'regan.
2:25 of 2nd period - Stopped by Joni Ortio without a rebound.
2:26 of 2nd period - Jake Virtanen wins face-off versus Daniel O'regan in Bears zone.
2:59 of 2nd period - Slapshot by Jamie McGinn.
2:59 of 2nd period - Stopped by Connor Knapp with a rebound.
3:01 of 2nd period - Slapshot by Joey Laleggia.
3:01 of 2nd period - Shot Misses the Net.
3:33 of 2nd period - Slapshot by Matt Luff.
3:33 of 2nd period - Shot Misses the Net.
3:35 of 2nd period - Slapshot by Reece Willcox.
3:35 of 2nd period - Stopped by Joni Ortio without a rebound.
3:36 of 2nd period - Daniel O'regan wins face-off versus Colby Cave in Bears zone.
3:39 of 2nd period - Wrist shot by Jordan LaVallee.
3:39 of 2nd period - Stopped by Joni Ortio without a rebound.
3:40 of 2nd period - Ilya Mikheyev wins face-off versus Angelo Esposito in Bears zone.
4:45 of 2nd period - Minor Penalty to Mikko Vainonen for Roughing.
4:46 of 2nd period - Zach Stepan wins face-off versus Daniel O'regan in Bears zone.
6:45 of 2nd period - Penalty to Mikko Vainonen is over, Mikko Vainonen is back on ice.
7:29 of 2nd period - Michael Mersch is hit by Angelo Esposito and loses puck.
8:33 of 2nd period - Taylor Aronson is hit by Anton Cederholm and loses puck.
10:08 of 2nd period - Icing by Jason Dickinson.
10:09 of 2nd period - Colby Cave wins face-off versus Jason Dickinson in Little Stars zone.
10:22 of 2nd period - Joakim Nygard is hit by Tommy Vannelli and loses puck.
10:41 of 2nd period - Jordan LaVallee is hit by Mike Hoffman.
10:59 of 2nd period - Tyler Wotherspoon is hit by Jamie McGinn and loses puck.
11:16 of 2nd period - Slapshot by Taylor Aronson.
11:16 of 2nd period - Shot Misses the Net.
11:18 of 2nd period - Slapshot by Derek Forbort.
11:18 of 2nd period - Stopped by Connor Knapp with a rebound.
11:20 of 2nd period - Wrist shot by Vincent Dunn.
11:20 of 2nd period - Stopped by Connor Knapp without a rebound.
11:21 of 2nd period - Vincent Dunn wins face-off versus Jordan LaVallee in Little Stars zone.
11:26 of 2nd period - Slapshot by Vincent Dunn.
11:26 of 2nd period - Goal by Vincent Dunn - Bears : 2 - Little Stars : 1.
11:27 of 2nd period - Angelo Esposito wins face-off versus Jordan LaVallee in neutral zone.
12:38 of 2nd period - Slapshot by Reece Willcox.
12:38 of 2nd period - Stopped by Joni Ortio without a rebound.
12:39 of 2nd period - Daniel O'regan wins face-off versus Angelo Esposito in Bears zone.
12:46 of 2nd period - Slapshot by Jake Virtanen.
12:46 of 2nd period - Shot Misses the Net.
12:48 of 2nd period - Snap shot by Mike Hoffman.
12:48 of 2nd period - Shot Misses the Net.
12:50 of 2nd period - Snap shot by Gianluca Curcuruto.
12:50 of 2nd period - Shot Misses the Net.
12:52 of 2nd period - Slapshot by Tommy Vannelli.
12:52 of 2nd period - Shot Misses the Net.
12:54 of 2nd period - Slapshot by Gianluca Curcuruto.
12:54 of 2nd period - Deflect By Jake Virtanen.
12:54 of 2nd period - Shot Blocked by Anton Cederholm.
12:54 of 2nd period - Puck is out of play.
12:55 of 2nd period - Zach Stepan wins face-off versus Henrik Borgstrom in Little Stars zone.
12:56 of 2nd period - Wrist shot by Austin Wuthrich.
12:56 of 2nd period - Shot Misses the Net.
13:59 of 2nd period - Joey Laleggia is hit by Zach Budish.
14:19 of 2nd period - Reece Willcox is hit by Colton Sceviour and loses puck.
15:20 of 2nd period - Snap shot by Sebastian Wannstrom.
15:20 of 2nd period - Stopped by Joni Ortio with a rebound.
15:22 of 2nd period - Slapshot by Anton Cederholm.
15:22 of 2nd period - Deflect By Henrik Borgstrom.
15:22 of 2nd period - Goal by Henrik Borgstrom - Bears : 2 - Little Stars : 2.
15:23 of 2nd period - Daniel O'regan wins face-off versus Jake Virtanen in neutral zone.
16:21 of 2nd period - Snap shot by Austin Poganski.
16:21 of 2nd period - Stopped by Connor Knapp without a rebound.
16:22 of 2nd period - Daniel O'regan wins face-off versus Angelo Esposito in Little Stars zone.
17:19 of 2nd period - Snap shot by Vincent Dunn.
17:19 of 2nd period - Stopped by Connor Knapp without a rebound.
17:20 of 2nd period - Roman Horak wins face-off versus Vincent Dunn in Little Stars zone.
17:36 of 2nd period - Off-side.
17:37 of 2nd period - Daniel O'regan wins face-off versus Mike Hoffman in neutral zone.
17:50 of 2nd period - Slapshot by Daniel O'regan.
17:50 of 2nd period - Stopped by Joni Ortio with a rebound.
17:52 of 2nd period - Snap shot by Jordan LaVallee.
17:52 of 2nd period - Shot Misses the Net.
18:03 of 2nd period - Minor Penalty to Angelo Esposito for Interference.
18:04 of 2nd period - Daniel O'regan wins face-off versus Zach Stepan in Bears zone.
18:17 of 2nd period - Snap shot by Jordan LaVallee.
18:17 of 2nd period - Stopped by Joni Ortio with a rebound.
19:01 of 2nd period - Slapshot by Tyler Wotherspoon.
19:01 of 2nd period - Shot Blocked by Derek Forbort.
19:17 of 2nd period - Slapshot by Taylor Aronson.
19:17 of 2nd period - Shot Misses the Net.
Goals for this period are 1 for Bears vs 1 for Little Stars.
Shots for this period are 8 for Bears vs 14 for Little Stars.
3rd period
0:01 of 3rd period - Zach Stepan wins face-off versus Daniel O'regan in neutral zone.
0:03 of 3rd period - Penalty to Angelo Esposito is over, Angelo Esposito is back on ice.
0:31 of 3rd period - Colton Sceviour is hit by Ilya Mikheyev.
0:53 of 3rd period - Derek Forbort is hit by Henrik Borgstrom and loses puck.
0:58 of 3rd period - Snap shot by Adam Tambellini.
0:58 of 3rd period - Shot Blocked by Vincent Dunn.
1:00 of 3rd period - Slapshot by Anton Cederholm.
1:00 of 3rd period - Stopped by Joni Ortio with a rebound.
1:36 of 3rd period - Snap shot by Roman Horak.
1:36 of 3rd period - Stopped by Joni Ortio without a rebound.
1:37 of 3rd period - Henrik Borgstrom wins face-off versus Zach Stepan in Bears zone.
1:44 of 3rd period - Sebastian Wannstrom is hit by Jamie McGinn and loses puck.
1:51 of 3rd period - Backhand shot by Austin Wuthrich.
1:51 of 3rd period - Stopped by Connor Knapp without a rebound.
1:52 of 3rd period - Angelo Esposito wins face-off versus Daniel O'regan in Little Stars zone.
1:53 of 3rd period - Slapshot by Jake Virtanen.
1:53 of 3rd period - Shot Misses the Net.
2:18 of 3rd period - Adam Tambellini is hit by Joey Laleggia.
2:38 of 3rd period - Joakim Nygard is hit by Vincent Dunn and loses puck.
3:41 of 3rd period - Snap shot by Adam Tambellini.
3:41 of 3rd period - Stopped by Joni Ortio without a rebound.
3:42 of 3rd period - Zach Stepan wins face-off versus Henrik Borgstrom in Bears zone.
4:07 of 3rd period - Angelo Esposito is hit by Jordan LaVallee and loses puck.
4:54 of 3rd period - Snap shot by Adam Tambellini.
4:54 of 3rd period - Shot Blocked by Derek Forbort.
5:02 of 3rd period - Wrist shot by Austin Poganski.
5:02 of 3rd period - Shot Misses the Net.
5:04 of 3rd period - Snap shot by Vincent Dunn.
5:04 of 3rd period - Shot Blocked by Adam Tambellini.
5:06 of 3rd period - Snap shot by Taylor Aronson.
5:06 of 3rd period - Shot Blocked by Tucker Poolman.
5:16 of 3rd period - Wrist shot by Sebastian Wannstrom.
5:16 of 3rd period - Stopped by Joni Ortio with a rebound.
5:29 of 3rd period - Vincent Dunn is hit by Tucker Poolman.
5:49 of 3rd period - Wrist shot by Jakob Lilja.
5:49 of 3rd period - Stopped by Connor Knapp with a rebound.
5:51 of 3rd period - Wrist shot by Austin Poganski.
5:51 of 3rd period - Stopped by Connor Knapp with a rebound.
5:53 of 3rd period - Slapshot by Derek Forbort.
5:53 of 3rd period - Shot Misses the Net.
5:55 of 3rd period - Snap shot by Vincent Dunn.
5:55 of 3rd period - Stopped by Connor Knapp with a rebound.
5:57 of 3rd period - Backhand shot by Jakob Lilja.
5:57 of 3rd period - Shot Misses the Net.
6:23 of 3rd period - Wrist shot by Henrik Borgstrom.
6:23 of 3rd period - Shot Misses the Net.
6:26 of 3rd period - Icing by Derek Forbort.
6:27 of 3rd period - Daniel O'regan wins face-off versus Vincent Dunn in Bears zone.
6:40 of 3rd period - Jordan LaVallee is hit by Austin Poganski and loses puck.
6:47 of 3rd period - Slapshot by Jakob Lilja.
6:47 of 3rd period - Goal by Jakob Lilja - Bears : 3 - Little Stars : 2.
6:48 of 3rd period - Ilya Mikheyev wins face-off versus Angelo Esposito in neutral zone.
7:09 of 3rd period - Minor Penalty to Jordan LaVallee for Tripping.
7:10 of 3rd period - Daniel O'regan wins face-off versus Angelo Esposito in Little Stars zone.
7:33 of 3rd period - Anton Cederholm is hit by Austin Wuthrich and loses puck.
7:44 of 3rd period - Snap shot by Austin Wuthrich.
7:44 of 3rd period - Stopped by Connor Knapp with a rebound.
9:09 of 3rd period - Penalty to Jordan LaVallee is over, Jordan LaVallee is back on ice.
9:27 of 3rd period - Colby Cave is hit by Reece Willcox and loses puck.
10:27 of 3rd period - Nikolay Prokhorkin is hit by Daniel O'regan and loses puck.
10:54 of 3rd period - Joey Laleggia is hit by Joakim Nygard.
12:01 of 3rd period - Eric Knodel is hit by Gianluca Curcuruto and loses puck.
12:21 of 3rd period - Icing by Anton Cederholm.
12:22 of 3rd period - Angelo Esposito wins face-off versus Joakim Nygard in Little Stars zone.
12:23 of 3rd period - Wrist shot by Mike Hoffman.
12:23 of 3rd period - Stopped by Connor Knapp with a rebound.
12:34 of 3rd period - Snap shot by Joakim Nygard.
12:34 of 3rd period - Shot Misses the Net.
12:41 of 3rd period - Icing by Austin Wuthrich.
12:42 of 3rd period - Henrik Borgstrom wins face-off versus Zach Stepan in Bears zone.
13:44 of 3rd period - Snap shot by Jason Dickinson.
13:44 of 3rd period - Shot Blocked by Austin Poganski.
13:50 of 3rd period - Minor Penalty to Jakob Lilja for Holding Stick.
13:51 of 3rd period - Jamie McGinn wins face-off versus Daniel O'regan in Bears zone.
13:56 of 3rd period - Slapshot by Ilya Mikheyev.
13:56 of 3rd period - Shot Blocked by Jamie McGinn.
13:58 of 3rd period - Wrist shot by Anton Cederholm.
13:58 of 3rd period - Shot Hit the Post.
14:00 of 3rd period - Slapshot by Anton Cederholm.
14:00 of 3rd period - Stopped by Joni Ortio with a rebound.
14:02 of 3rd period - Snap shot by Jordan LaVallee.
14:02 of 3rd period - Goal by Jordan LaVallee - Bears : 3 - Little Stars : 3.
14:03 of 3rd period - Ilya Mikheyev wins face-off versus Angelo Esposito in neutral zone.
14:14 of 3rd period - Wrist shot by Jake Virtanen.
14:14 of 3rd period - Shot Misses the Net.
14:16 of 3rd period - Wrist shot by Jake Virtanen.
14:16 of 3rd period - Stopped by Connor Knapp with a rebound.
14:18 of 3rd period - Snap shot by Jake Virtanen.
14:18 of 3rd period - Goal by Jake Virtanen - Bears : 4 - Little Stars : 3.
14:19 of 3rd period - Angelo Esposito wins face-off versus Daniel O'regan in neutral zone.
14:21 of 3rd period - Off-side.
14:22 of 3rd period - Angelo Esposito wins face-off versus Daniel O'regan in neutral zone.
14:29 of 3rd period - Eric Knodel is hit by Jake Virtanen and loses puck.
14:38 of 3rd period - Mikko Vainonen is hit by Jordan LaVallee and loses puck.
14:58 of 3rd period - Off-side.
14:59 of 3rd period - Jason Dickinson wins face-off versus Zach Stepan in neutral zone.
15:05 of 3rd period - Off-side.
15:06 of 3rd period - Zach Stepan wins face-off versus Jason Dickinson in neutral zone.
15:19 of 3rd period - Slapshot by Jason Dickinson.
15:19 of 3rd period - Goal by Jason Dickinson - Bears : 4 - Little Stars : 4.
15:20 of 3rd period - Angelo Esposito wins face-off versus Zach Budish in neutral zone.
15:22 of 3rd period - Off-side.
15:23 of 3rd period - Jason Dickinson wins face-off versus Angelo Esposito in neutral zone.
15:23 of 3rd period - Jason Dickinson is hit by Mike Hoffman.
16:00 of 3rd period - Snap shot by Sebastian Wannstrom.
16:00 of 3rd period - Shot Misses the Net.
16:02 of 3rd period - Slapshot by Anton Cederholm.
16:02 of 3rd period - Deflect By Angelo Esposito.
16:02 of 3rd period - Stopped by Joni Ortio without a rebound.
16:03 of 3rd period - Vincent Dunn wins face-off versus Jason Dickinson in Bears zone.
16:12 of 3rd period - Snap shot by Derek Forbort.
16:12 of 3rd period - Deflect By Vincent Dunn.
16:12 of 3rd period - Shot Blocked by Tyler Wotherspoon.
16:12 of 3rd period - Puck is out of play.
16:13 of 3rd period - Jason Dickinson wins face-off versus Vincent Dunn in Little Stars zone.
16:13 of 3rd period - Jason Dickinson is hit by Jakob Lilja.
16:23 of 3rd period - Wrist shot by Zach Budish.
16:23 of 3rd period - Goal by Zach Budish - Bears : 4 - Little Stars : 5.
16:24 of 3rd period - Angelo Esposito wins face-off versus Jason Dickinson in neutral zone.
16:45 of 3rd period - Minor Penalty to Jake Virtanen for Interference.
16:46 of 3rd period - Daniel O'regan wins face-off versus Zach Stepan in Bears zone.
17:37 of 3rd period - Jamie McGinn is hit by Henrik Borgstrom and loses puck.
17:56 of 3rd period - Slapshot by Derek Forbort.
17:56 of 3rd period - Deflect By Mike Hoffman.
17:56 of 3rd period - Stopped by Connor Knapp without a rebound.
17:57 of 3rd period - Daniel O'regan wins face-off versus Zach Stepan in Little Stars zone.
18:02 of 3rd period - Mikko Vainonen is hit by Jordan LaVallee and loses puck.
18:21 of 3rd period - Eric Knodel is hit by Mike Hoffman and loses puck.
18:30 of 3rd period - Joey Laleggia is hit by Henrik Borgstrom and loses puck.
18:45 of 3rd period - Penalty to Jake Virtanen is over, Jake Virtanen is back on ice.
18:45 of 3rd period - Bears, Joni Ortio is pulled from the net.
18:45 of 3rd period - Snap shot by Jakob Lilja.
18:45 of 3rd period - Shot Misses the Net.
18:47 of 3rd period - Slapshot by Derek Forbort.
18:47 of 3rd period - Shot Hit the Post.
18:49 of 3rd period - Slapshot by Jake Virtanen.
18:49 of 3rd period - Shot Misses the Net.
19:03 of 3rd period - Wrist shot by Jake Virtanen.
19:03 of 3rd period - Deflect By Jakob Lilja.
19:03 of 3rd period - Shot Misses the Net.
19:03 of 3rd period - Puck is out of play.
19:04 of 3rd period - Gerard Gallant call a timeout for Bears.
19:04 of 3rd period - Daniel O'regan wins face-off versus Angelo Esposito in Little Stars zone.
19:09 of 3rd period - Ilya Mikheyev is hit by Jake Virtanen and loses puck.
19:18 of 3rd period - Slapshot by Jake Virtanen.
19:18 of 3rd period - Shot Misses the Net.
19:20 of 3rd period - Wrist shot by Joey Laleggia.
19:20 of 3rd period - Shot Misses the Net.
19:22 of 3rd period - Snap shot by Angelo Esposito.
19:22 of 3rd period - Shot Misses the Net.
19:24 of 3rd period - Slapshot by Mike Hoffman.
19:24 of 3rd period - Shot Misses the Net.
19:26 of 3rd period - Snap shot by Joey Laleggia.
19:26 of 3rd period - Stopped by Connor Knapp without a rebound.
19:27 of 3rd period - Angelo Esposito wins face-off versus Daniel O'regan in Little Stars zone.
19:46 of 3rd period - Snap shot by Angelo Esposito.
19:46 of 3rd period - Shot Blocked by Tyler Wotherspoon.
Goals for this period are 2 for Bears vs 3 for Little Stars.
Shots for this period are 11 for Bears vs 9 for Little Stars.
Output by the SimonT Hockey Simulator (STHS) for Francois Prevost